 Dungeon Crawl Stone Soup version 0.26-a0-52-gd53d4cd058 (webtiles) character file.

Game seed: 8925110320623742404

44 MisterFreud the Skirmisher (level 3, -3/27 HPs)
             Began as an Octopode Gladiator on June 6, 2020.
             Killed from afar by Natasha (6 damage)
             ... with a magic dart
             ... on level 2 of the Dungeon.
             The game lasted 00:01:23 (1676 turns).

MisterFreud the Skirmisher (Octopode Gladiator)     Turns: 1676, Time: 00:01:25

Health: -3/27      AC:  1    Str: 13    XL:     3   Next: 60%
Magic:  3/3        EV: 14    Int: 11    God:
Gold:   75         SH:  0    Dex: 13    Spells: 2/2 levels left

rFire    . . .     SeeInvis .   a - +0 long sword
rCold    . . .     Gourm    .   (no shield)
rNeg     . . .     Faith    +   b - +0 hat
rPois    .         Spirit   .   f - amulet of faith
rElec    .         Reflect  .   (no ring)
rCorr    .         Harm     .   (no ring)
MR       .....                  (no ring)
Stlth    ++........             (no ring)
HPRegen  0.09/turn              (no ring)
MPRegen  0.08/turn              (no ring)
                                (no ring)
                                (no ring)

@: slowed, very slow
A: almost no armour, stealthy swim, amphibious, 8 rings, constrict 8, camouflage
1, gelatinous body 1
a: no special abilities


You were on level 2 of the Dungeon.
You were not hungry.

You visited 1 branch of the dungeon, and saw 2 of its levels.

You collected 75 gold pieces.

Inventory:

Hand Weapons
 a - a +0 long sword (weapon)
Missiles
 c - 3 throwing nets
 j - 5 boomerangs (quivered)
Armour
 b - a +0 hat (worn)
Jewellery
 f - an amulet of faith (around mantle)
Scrolls
 e - 3 scrolls of identify {unknown}
 g - a scroll of teleportation {unknown}
 i - a scroll of enchant armour {unknown}
 k - 2 scrolls of remove curse {unknown}
Potions
 h - a potion of magic {unknown}
Comestibles
 d - 3 rations


   Skills:
 + Level 3.9 Fighting
 - Level 3.0 Long Blades
 - Level 2.0 Throwing
 - Level 3.0 Dodging


You had 2 spell levels left.
You didn't know any spells.
Your spell library contained the following spells:

 Spells                   Type           Power        Failure   Level  Hunger
 Confusing Touch          Hex            #.......     71%         3    ####...
 Gell's Gravitas          Tloc           #.........   71%         3    ####...
 Petrify                  Tmut/Erth      #.......     98%         4    #####..
 Metabolic Englaciation   Hex/Ice        #.........   100%        5    ######.
 Yara's Violent Unravell  Hex/Tmut       #.........   100%        5    ######.


Dungeon Overview and Level Annotations

Branches:
Dungeon (2/15)

Altars:
Ashenzari
Gozag

Annotations:
D:2 Natasha, Robin


Innate Abilities, Weirdness & Mutations

You cannot wear most types of armour.
You are very stealthy in the water. (Stealth+)
You are amphibious.
You can wear up to eight rings at the same time.
You can use your tentacles to constrict eight enemies at once.
Your skin changes colour to match your surroundings (Stealth+).
Your rubbery body absorbs attacks. (AC +1, EV +1)


Message History

Natasha casts a spell at you.
You feel yourself slow down.
Things that are here:
a scroll labeled HUPTUUNAMM; 9 gold pieces; a goblin corpse You hit Natasha but do no damage.
Your grab misses Natasha. Natasha claws you!
Natasha stares at you and mumbles some strange words.
The magic dart hits you!
You barely miss Natasha. Your grab misses Natasha. You squeeze Natasha.
Natasha is moderately wounded.
Natasha claws you.
Natasha stares at you and mumbles some strange words.
The magic dart hits you.
* * * LOW HITPOINT WARNING * * *
You hit Natasha but do no damage. Your grab misses Natasha.
You squeeze Natasha.
Natasha is moderately wounded.
A goblin comes into view.
Natasha stares at you and mumbles some strange words.
The magic dart hits you.
You die...

......).[.....).#
#####.###.......# #.#
##......#
#####.####...)..#######
.........<)............
#####.####).####.######
#.# #......... # #.#
##.####.#######
#####+###
#.....@h......
'.......#
#..#.........g
#.......#
#..#.#<.......
#.......#
#..#.#.#######
#.......###..#.#..
#.......##.....#.##
#.......##.#.......
#.......##'#...#.#.
#.......รท......# #


You could see Natasha and a goblin (wandering).

Vanquished Creatures
  Natasha (D:2)
  A ball python (D:2)
  3 goblins
  7 hobgoblins
  3 kobolds
  A rat (D:1)
16 creatures vanquished.

Notes
Turn   | Place    | Note
-------+----------+-------------------------------------------
     0 | D:1      | MisterFreud the Octopode Gladiator began the quest for the
                  | Orb.
     0 | D:1      | Reached XP level 1. HP: 14/14 MP: 1/1
   512 | D:1      | Reached XP level 2. HP: 20/20 MP: 2/2
   923 | D:2      | Noticed Robin
  1098 | D:2      | Found an opulent altar of Gozag.
  1149 | D:2      | Noticed Natasha
  1157 | D:2      | HP: 1/31 [Natasha (1)]
  1158 | D:2      | Killed Natasha
  1158 | D:2      | Reached XP level 3. HP: 2/27 MP: 3/3
  1576 | D:2      | Found a shattered altar of Ashenzari.
  1670 | D:2      | Noticed Natasha
  1676 | D:2      | Killed from afar by Natasha

Illustrated notes

Levels and vault maps discovered:
D:1:      ncdulo_smallfort, layout_basic
D:2:      layout_basic, overflow_temple_1_default, lemuel_crystal_altar,
          elyvilon_altar_5, uniq_robin, uniq_natasha

Skill      XL: |  1  2 |
---------------+-------+-----
Fighting       | 3 |  3.9
Long Blades    | |  3.0
Throwing       | |  2.0
Dodging        | |  3.0

Action                   || total
-------------------------++-------
Melee: Long sword        ||    28
       Constrict         ||     9
       Tentacles         ||     8
  Use: Potion            ||     2
 Stab: Sleeping          ||     1
  Eat: Ration            ||     1
Dodge: Dodged            ||    12
       Rpst.: Long sword ||     3

Table legend:
 A = Non-vault XP
 B = Vault XP
 C = Vault XP percentage of total XP
 D = Non-vault monster count
 E = Vault monster count
 F = Vault count percentage of total count
                 A         B        C        D         E       F
            +---------+---------+-------+---------+---------+-------
      Total |      19 |      44 |  69.8 |      11 |       5 |  31.2
            +---------+---------+-------+---------+---------+-------
        D:1 |      10 |       0 |   0.0 |       6 |       0 |   0.0
        D:2 |       9 |      44 |  83.0 |       5 |       5 |  50.0
            +---------+---------+-------+---------+---------+-------
